 Dungeon Crawl Stone Soup version 0.28.0-47-ge53b351184 (webtiles) character file.

Game seed: 10048264999311953481

30 Kaptain the Digger (level 3, -3/20 HPs)
             Began as a Gargoyle Earth Elementalist on Apr 29, 2022.
             Slain by Terence
             ... wielding a +0 short sword
              (6 damage)
             ... on level 1 of the Dungeon.
             The game lasted 00:02:06 (1492 turns).

Kaptain the Digger (Gargoyle Earth Elementalist)    Turns: 1492, Time: 00:02:07

Health: -3/20      AC:  5    Str: 11    XL:     3   Next: 18%
Magic:  2/6        EV: 12    Int: 17    God:
Gold:   24         SH:  0    Dex: 10    Spells: 5/6 levels left

rFire   . . .      SeeInvis .   d - +0 short sword
rCold   . . .      Faith    .   (no shield)
rNeg    + . .      Spirit   .   b - +0 robe
rPois   ∞          Reflect  .   (no helmet)
rElec   +          Harm     .   (no cloak)
rCorr   .          Rampage  .   (no gloves)
Will    .....                   (no boots)
Stlth   ++........              (no amulet)
HPRegen 0.06/turn               (no ring)
MPRegen 0.10/turn               (no ring)

@: no status effects
A: sickness immunity, AC +3, negative energy resistance 1, electricity
resistance, torment resistance 1, petrification resistance
a: no special abilities


You were on level 1 of the Dungeon.
You visited 1 branch of the dungeon, and saw 2 of its levels.

You collected 24 gold pieces.

Inventory:

Hand Weapons
 d - a +0 short sword (weapon)
Armour
 b - a +0 robe (worn)
Scrolls
 e - a scroll of blinking {unknown}
 i - 4 scrolls of identify {unknown}
 j - a scroll of fog {unknown}
Potions
 a - a potion of mutation {unknown}
 f - a potion of curing {unknown}
 g - a potion of heal wounds {unknown}
 h - a potion of haste {unknown}


   Skills:
 * Level 1.1 Fighting
 + Level 0.6 Armour
 + Level 1.7 Dodging
 - Level 2.1 Stealth
 * Level 2.2 Spellcasting
 * Level 1.1 Conjurations
 - Level 0.7 Transmutations
 * Level 4.0 Earth Magic


You had 5 spell levels left.
You knew the following spells:

 Your Spells              Type           Power      Damage    Failure   Level
a - Sandblast             Erth           30%        2d9       3%          1

Your spell library contained the following spells:

 Spells                   Type           Power      Damage    Failure   Level
 Passwall                 Tmut/Erth      7%         N/A       11%         2
 Stone Arrow              Conj/Erth      20%        3d8       19%         3
 Static Discharge         Conj/Air       3%         N/A       22%         2
 Petrify                  Tmut/Erth      9%         N/A       56%         4
 Sticky Flame             Conj/Fire      3%         2d3       83%         4
 Dispel Undead            Necr           1%         3d6       88%         4


Dungeon Overview and Level Annotations

Branches:
Dungeon (2/15)

Altars:

Annotations:
D:1 Terence


Innate Abilities, Weirdness & Mutations

You are immune to sickness and miasma.
Your stone body is resilient. (AC +3)
You are immune to poison.
You resist negative energy. (rN+)
You are resistant to electric shocks. (rElec)
You are resistant to unholy torment.
You are immune to petrification.


Message History

Terence screams, "I'm going to kill you!"
Terence shouts, "Now you die!"
Unknown command.
Casting: Sandblast (safe; 3% risk of failure)
Confirm with . or Enter, or press ? or * to list all spells.
Aiming: Sandblast (safe; 3% risk of failure)
Press: ? - help, Shift-Dir - straight line, f/p - Terence
Aim: Terence, wielding a +0 short sword and wearing a +0 scale mail (moderately wounded, 82% to hit)
The blast of sand hits Terence!
Terence is severely wounded.
You now have no stones remaining.
Terence hits you with a +0 short sword. Terence closely misses you.
Terence shouts, "Get ready for death!"
Casting: Sandblast (safe; 3% risk of failure)
Confirm with . or Enter, or press ? or * to list all spells.
You don't have any stones to cast with.
Unknown command.
Casting: Sandblast (safe; 3% risk of failure)
Confirm with . or Enter, or press ? or * to list all spells.
You don't have any stones to cast with.
Unknown command.
Unknown command.
There is an open door here.
You hit Terence.
Terence is almost dead.
Terence hits you with a +0 short sword.
You barely miss Terence.
Terence is almost dead.
Terence hits you with a +0 short sword.
You barely miss Terence.
Terence is almost dead.
Terence hits you with a +0 short sword.
* * * LOW HITPOINT WARNING * * *
You hit Terence but do no damage.
Terence is almost dead.
Terence barely misses you. Terence misses you.
You barely miss Terence.
Terence is almost dead.
Terence hits you with a +0 short sword.
You die...

#.#######.#......# #.# ##
#.........#.#.#..###.#####
#.......###.#.#..........#
#######.# #.#.##.###.###.# #.#
#.#'##.# #.# #.# #.# #......#
#.###.# ### #.###.....####......
## ####.###.##............#...
.######........#@............####
...............@...............##
.######.#...####.................
.# #.##.## ##................ .#
#.#### ##...............
.######.## ##...###........
.##......# ##'## #.......8
.##.###..# #.# ##....... .##.#
#..####### #.# #.8.....


You could see Terence.

Vanquished Creatures
  4 ball pythons (D:1)
  A bat (D:1)
  6 endoplasms (D:1)
  A giant cockroach (D:1)
  2 goblins (D:1)
  3 hobgoblins
  3 quokkas (D:1)
  3 frilled lizards (D:1)
  A kobold (D:1)
  A rat (D:1)
25 creatures vanquished.

Vanquished Creatures (others)
  2 plants (D:1)
2 creatures vanquished.

Grand Total: 27 creatures vanquished

Notes
Turn   | Place    | Note
-------+----------+-------------------------------------------
     0 | D:1      | Kaptain the Gargoyle Earth Elementalist began the quest for
                  | the Orb.
     0 | D:1      | Reached XP level 1. HP: 10/10 MP: 3/3
   238 | D:1      | Reached XP level 2. HP: 16/16 MP: 1/5
   844 | D:1      | Reached skill level 1 in Conjurations
   844 | D:1      | Reached skill level 4 in Earth Magic
   861 | D:1      | Reached skill level 1 in Fighting
   863 | D:1      | Reached XP level 3. HP: 18/20 MP: 2/6
  1438 | D:2      | Noticed Terence
  1492 | D:1      | Slain by Terence

Illustrated notes

Levels and vault maps discovered:
D:1:      nicolae_arrival_washed_ashore, layout_loops_corners, serial_forest,
          infiniplex_forest_lined_2, infiniplex_forest_straight_3,
          infiniplex_forest_corner_1, infiniplex_forest_clump_medium,
          infiniplex_forest_end_3, infiniplex_forest_corner_1,
          infiniplex_forest_straight_2
D:2:      layout_loops_ring, shapermc_ecumenical_altar_gd, serial_shops,
          shop_statue, fountainhead, uniq_terence

Skill      XL: |  1  2 |
---------------+-------+-----
Conjurations   | 1 |  1.1
Earth Magic    | 4 |  4.0
Fighting       | 1 |  1.1
Armour         | |  0.6
Dodging        | |  1.7
Stealth        | |  2.1
Spellcasting   | |  2.2
Transmutations | |  0.7

Action                   || total
-------------------------++-------
Melee: Short sword       ||    39
 Cast: Sandblast         ||    30
 Stab: Sleeping          ||     1
Armor: Robe              ||    16
Dodge: Dodged            ||    34
